 Dungeon Crawl Stone Soup version 0.29.1-15-g9cfb28693d (webtiles) character file.

Game seed: 1890424478274073808

198 pokedragonboy the Gusty (level 5, 0/28 HPs)
             Began as a Tengu Air Elementalist on Mar 12, 2023.
             Killed from afar by an orc wizard (9 damage)
             ... with a magic dart
             ... on level 4 of the Dungeon.
             The game lasted 00:09:00 (3605 turns).

pokedragonboy the Gusty (Tengu Air Elementalist)    Turns: 3605, Time: 00:09:00

Health: 0/28       AC:  2    Str:  8    XL:     5   Next: 77%
Magic:  3/10       EV: 15    Int: 18    God:
Gold:   174        SH:  0    Dex: 14    Spells: 3/10 levels left

rFire   . . .      SeeInvis .   g - +0 short sword
rCold   . . .      Faith    .   (no shield)
rNeg    . . .      Spirit   .   a - +0 robe
rPois   +          Reflect  .   (helmet restricted)
rElec   .          Harm     .   (no cloak)
rCorr   .          Rampage  .   (no gloves)
Will    .....                   (boots unavailable)
Stlth   ++........              (no amulet)
HPRegen 0.09/turn               k - ring of poison resistance
MPRegen 0.12/turn               l - ring of wizardry

@: flying quickly and evasively, quick
A: beak, talons 3, nimble flight
a: no special abilities


You were on level 4 of the Dungeon.
You visited 1 branch of the dungeon, and saw 4 of its levels.

You collected 174 gold pieces.

Inventory:

Hand Weapons
 g - a +0 short sword (weapon)
Armour
 a - a +0 robe (worn)
 e - a +2 kite shield of fire resistance
Jewellery
 k - a ring of poison resistance (left hand)
 l - a ring of wizardry (right hand)
 n - an amulet of regeneration
Scrolls
 c - a scroll of immolation {unknown}
 d - a scroll of blinking {unknown}
 f - a scroll of vulnerability {unknown}
 h - 3 scrolls of identify {unknown}
 j - a scroll of fear {unknown}
 m - a scroll of enchant armour {unknown}
 p - a scroll of enchant weapon {unknown}
Potions
 b - a potion of magic
 i - 2 potions of curing {unknown}
 o - 2 potions of might {unknown}
 q - 2 potions of mutation {unknown}


   Skills:
 - Level 3.0 Dodging
 - Level 3.2 Stealth
 - Level 3.0 Spellcasting
 + Level 3.6 Conjurations
 + Level 5.3 Air Magic


You had 3 spell levels left.
You knew the following spells:

 Your Spells              Type           Power      Damage    Failure   Level
a - Shock                 Conj/Air       72%        1d7       1%          1
b - Static Discharge      Conj/Air       18%        3-6/arc   1%          2
c - Airstrike             Air            10%        2d(2-18)  8%          4

Your spell library contained the following spells:

 Spells                   Type           Power      Damage    Failure   Level
 Magic Dart               Conj           60%        1d6       1%          1
 Swiftness                Air            21%        N/A       2%          3
 Mephitic Cloud           Conj/Pois/Air  13%        N/A       6%          3
 Call Imp                 Summ           2%         N/A       10%         2
 Dazzling Flash           Conj/Hex       18%        N/A       10%         3
 Iskenderun's Mystic Bla  Conj/Tloc      9%         2d4       30%         4
 Starburst                Conj/Fire      4%         6d4       99%         6


Dungeon Overview and Level Annotations

Branches:
Dungeon (4/15)
 Temple: D:4-7

Altars:
Cheibriados

Annotations:
D:2 1 runed translucent door, Crazy Yiuf, Sigmund


Innate Abilities, Weirdness & Mutations

You have a beak for a mouth.
You have claws for feet.
Your magical nature lets you fly swiftly and evasively.


Message History

You barely miss the orc priest. You claw the orc priest.
Your peck misses the orc priest.
The orc priest is severely wounded.
An orc comes into view. It is wielding a +2 dagger of venom.
The orc priest barely misses you.
The orc priest hits you with a +0 short sword.
You closely miss the orc priest.
The orc shouts!
You claw the orc priest. Your peck misses the orc priest.
The orc priest is almost dead.
You hear a shout! x2
The orc priest hits you with a +0 short sword.
You hit the orc priest.
You claw the orc priest, but do no damage.
The orc priest is almost dead.
The orc priest closely misses you.
An orc wizard comes into view. It is wielding a +0 dagger.
You hit the orc priest but do no damage.
You claw the orc priest.
You kill the orc priest!
An orc warrior comes into view. It is wielding a +0 dire flail.
The orc wizard casts a spell.
The orc wizard flickers and vanishes!
Deactivating autopickup; reactivate with Ctrl-A.
Training target 3.0 for Spellcasting reached!
Your Spellcasting skill increases to level 3!
The orc throws a stone.
The stone closely misses you.
The orc warrior unwields a +0 dire flail.
The orc warrior wields a +0 arbalest.
The orc warrior shoots a bolt.
The bolt barely misses you.
The orc warrior shoots a bolt.
The bolt closely misses you.
You hear a shout!
Your magical contamination has completely faded away.
The orc throws a stone.
The stone hits you.
The orc throws a stone.
The stone barely misses you.
Things that are here:
a +0 dagger; a +0 chain mail A magic dart appears from out of thin air!
The magic dart hits you!
You die...

....#........o..........
....###............)...#
......#...#.#.o)..#.....
g.........####...#.....#
...#......##.#......#...
#........{o......#...
#...........##.#.....
####...........####.....
.......@.)....#####.....
..#..........<.##.#.....
# ##....................
##....).......รท.......
....#.........###.....##
#.........##...##......#
..........#....##..#...#
....##....##.......##..#
.......#..#.......###...


You could see an orc warrior.

Vanquished Creatures
  A jelly (D:4)
  An orc priest (D:4)
  Jessica (D:2)
  A mummy (D:3)
  4 adders (D:2)
  An ufetubus (D:4)
  2 orcs (D:4)
  8 ball pythons
  2 endoplasms (D:1)
  2 giant cockroaches
  3 goblins
  9 hobgoblins
  6 jackals
  4 kobolds
  2 quokkas
  4 bats
  3 frilled lizards
  3 rats
57 creatures vanquished.

Notes
Turn   | Place    | Note
-------+----------+-------------------------------------------
     0 | D:1      | pokedragonboy the Tengu Air Elementalist began the quest
                  | for the Orb.
     0 | D:1      | Reached XP level 1. HP: 10/10 MP: 4/4
   474 | D:1      | Reached XP level 2. HP: 15/15 MP: 4/6
   477 | D:1      | Learned a level 2 spell: Static Discharge
  1075 | D:2      | Noticed Sigmund
  1190 | D:2      | Noticed Jessica
  1199 | D:2      | Reached XP level 3. HP: 18/19 MP: 0/7
  1204 | D:2      | Killed Jessica
  1422 | D:2      | Reached XP level 4. HP: 24/24 MP: 3/8
  2029 | D:2      | Found a runed translucent door.
  2030 | D:2      | Noticed Crazy Yiuf
  2351 | D:3      | Learned a level 4 spell: Airstrike
  2649 | D:3      | Found a snail-covered altar of Cheibriados.
  2665 | D:3      | Gained mutation: Your magical nature lets you fly swiftly
                  | and evasively. [Tengu growth]
  2665 | D:3      | Reached XP level 5. HP: 28/28 MP: 0/10
  3268 | D:4      | Reached skill level 5 in Air Magic
  3592 | D:4      | Noticed an orc warrior
  3605 | D:4      | Killed from afar by an orc wizard

Illustrated notes

Levels and vault maps discovered:
D:1:      zelgadis_glass_arrival_small, layout_loops_cross
D:2:      layout_rooms, uniq_jessica, uniq_sigmund, uniq_crazy_yiuf_cottage
D:3:      layout_loops_corners, slow_altar_1, corexii_item_surrounded_by_moat
D:4:      layout_cave_pools, jmf_multi_god_temple, enter_ossuary_4,
          guppyfry_early_orc_mine

Skill      XL: |  1  2  3  4  5 |
---------------+----------------+-----
Conjurations   | 2 3 |  3.6
Dodging        | 3 |  3.0
Stealth        | 3 |  3.2
Air Magic      | 5 |  5.3
Spellcasting   | 3 |  3.0

Action                   |  1- 3 |  4- 6 || total
-------------------------+-------+-------++-------
Melee: Short sword       |     4 |    25 ||    29
       Kick              |     1 |     8 ||     9
       Peck              |       |     3 ||     3
 Cast: Shock             |    50 |    55 ||   105
       Static Discharge  |     1 |     6 ||     7
 Stab: Sleeping          |     1 |     1 ||     2
Armor: Robe              |     5 |     7 ||    12
Dodge: Dodged            |    14 |    62 ||    76
